 Dungeon Crawl Stone Soup version 0.30-a0-170-g85af917532 (webtiles) character file.

Game seed: 408285679007021669

16653 qw the Cleaver (level 12, 0/77 HPs)
             Began as a Gargoyle Fighter on Sept 30, 2022.
             Slain by a tentacled starspawn (25 damage)
             ... on level 1 of the Abyss.
             The game lasted 00:05:56 (13096 turns).

qw the Cleaver (Gargoyle Fighter)                  Turns: 13096, Time: 00:05:56

Health: 0/77       AC: 33    Str: 29    XL:     12   Next: 39%
Magic:  19/19      EV:  8    Int:  9    God:
Gold:   110        SH: 10    Dex: 10    Spells: 11/11 levels left

rFire   . . .      SeeInvis .    x - +2 war axe (vamp)
rCold   . . .      Faith    .    c - +0 buckler
rNeg    + + .      Spirit   .    s - +0 plate armour
rPois   inf        Reflect  +    w - +0 helmet
rElec   +          Harm     .    k - +2 ratskin cloak {*Rats rPois rN+ Str-1 Int-1 Dex+1}
rCorr   .          Rampage  .    h - +1 pair of gloves
Will    .....                    g - +1 pair of boots
Stlth   ..........               u - amulet of reflection
HPRegen 0.22/turn                q - ring "Ciehyi" {Fly MP+9}
MPRegen 0.16/turn                v - +6 ring of strength

@: flying
A: sickness immunity, AC +8, negative energy resistance 1, electricity
resistance, torment resistance 1, petrification resistance, talons 1, low MP 1
a: no special abilities


You were on level 1 of the Abyss.
You visited 1 branch of the dungeon, and saw 11 of its levels.
You visited the Abyss 1 time.
You also visited: Sewer.

You collected 664 gold pieces.
You spent 554 gold pieces at shops.


Innate Abilities, Weirdness & Mutations

You are immune to sickness and miasma.
Your stone body is resilient. (AC +8)
You are immune to poison.
You resist negative energy. (rN+)
You are resistant to electric shocks. (rElec)
You are resistant to unholy torment.
You are immune to petrification.
You have sharp toenails.
Your magical capacity is low. (-10% MP)


   Skills:
 - Level 10.1 Fighting
 - Level 13.0 Axes
 - Level 4.3 Throwing
 + Level 9.9 Armour
 - Level 2.4 Dodging
 - Level 6.3 Shields


You had 11 spell levels left.
You didn't know any spells.
Your spell library was empty.

Inventory:

Hand Weapons
 x - a +2 vampiric war axe (weapon)
 B - a +1 war axe of flaming
Missiles
 l - 7 javelins (quivered)
 t - 10 boomerangs
Armour
 c - a +0 buckler (worn)
 g - a +1 pair of boots (worn)
 h - a +1 pair of gloves (worn)
 k - the +2 ratskin cloak (worn) {*Rats rPois rN+ Str-1 Int-1 Dex+1}
   (You found it on level 10 of the Dungeon)

   When the wearer is hurt, rats may emerge from it to assist them.
   Str:       It affects your strength (-1).
   Int:       It affects your intelligence (-1).
   Dex:       It affects your dexterity (+1).
   rPois:     It protects you from poison.
   rN:        It protects you from negative energy.
 s - a +0 plate armour (worn)
 w - a +0 helmet (worn)
Jewellery
 a - a ring of resist corrosion
 n - a ring of resist corrosion
 q - the ring "Ciehyi" (left hand) {Fly MP+9}
   (You found it on level 4 of the Dungeon)

   [ring of magical power]

   MP:        It affects your magic capacity (+9).
   Fly:       It grants you flight.
 u - an amulet of reflection (around neck)
 v - a +6 ring of strength (right hand)
 y - a ring of protection from cold
Wands
 z - a wand of digging (12)
Scrolls
 b - 6 scrolls of identify
Potions
 d - 4 potions of might
 f - a potion of cancellation
 j - 5 potions of mutation
 m - a potion of resistance
 p - 2 potions of lignification
 r - 2 potions of haste

Dungeon Overview and Level Annotations

Branches:
Dungeon (11/15)            Temple (0/1) D:4            Lair (0/5) D:11
  Sewer (visited)
    Orc: D:9-12

Altars:
Gozag
Hepliaklqana
Kikubaaqudgha
Makhleb
Nemelex Xobeh
Ru
Trog
Wu Jian

Shops:
D:1 :   D:7 *   D:11 (=

Annotations:
D:9 4 runed translucent doors
D:11 Erolcha


Message History

The worldbinder is heavily damaged.
You barely miss the manticore. x2
The manticore disappears in a puff of smoke!
You block the worldbinder's attack. The worldbinder barely misses you.
The manticore bites you.
A hell rat scurries out from under your cloak.
The manticore claws you but does no damage. x2
You hit the worldbinder.
The worldbinder is severely damaged.
You completely miss the manticore. The worldbinder misses you.
You block the worldbinder's attack.
The worldbinder calls forth creatures from the Shoals!
You block the manticore's attack.
The manticore claws you but does no damage. x2
You slice the worldbinder!!
You destroy the worldbinder!
The manticore disappears in a puff of smoke! x2
Your hell rat returns to the shadows of the Dungeon!
A tentacled starspawn comes into view.
A small abomination comes into view.
Tentacles burst from the starspawn's body! 2 starspawn tentacles come into view.
The tentacled starspawn bites you but does no damage.
You block the tentacled starspawn's attack.
The starspawn tentacle grabs you. The starspawn tentacle constricts you.
You slash the starspawn tentacle!
The starspawn tentacle is moderately damaged.
You slash the tentacled starspawn!
The starspawn tentacle loses its grip on you.
The tentacled starspawn bites you but does no damage.
The tentacled starspawn tentacle-slaps you but does no damage.
You slash the starspawn tentacle!
The starspawn tentacle is severely damaged.
You hit the tentacled starspawn but do no damage.
The starspawn tentacle grabs you. The starspawn tentacle constricts you.
You slash the starspawn tentacle!
You destroy the starspawn tentacle!
You barely miss the tentacled starspawn.
The tentacled starspawn bites you!!
You die...

#. # .....#
.. #....#
...##....#
..#.....#
#.#..x.# #
#......#
#.#...wX.#
#.##..@.#
.##.#....# #
#........##.#
.####......#
###..###
#.... ...
#.....#..
#........
#........


You could see a tentacled starspawn, a small abomination and a starspawn
tentacle.

Vanquished Creatures
  Snorg (D:11)
  Harold (D:10)
  A two-headed ogre (D:10)
  A thrashing horror (Abyss:1)
  Sonja (D:10)
  Urug (D:10)
  A worldbinder (Abyss:1)
  Maurice (D:11)
  A gargoyle (D:10)
  2 rime drakes (D:11)
  2 trolls (D:11)
  An ancient zyme (Abyss:1)
  6 slime creatures (D:10)
  3 large abominations (Abyss:1)
  2 shadows
  A wyvern (D:9)
  Eustachio (D:5)
  A wraith (D:10)
  A vampire (D:6)
  10 yaks
  2 chaos spawn (Abyss:1)
  A water moccasin (D:6)
  Duvessa (D:5)
  3 orc warriors
  A sky beast (D:8)
  4 black bears
  2 ice beasts
  5 ogres
  6 centaurs
  3 wolves (D:11)
  3 phantoms
  5 kobold brigands
  Blork the orc (D:5)
  5 bullfrogs
  2 gnoll sergeants
  2 scorpions (D:6)
  17 wights
  Dowan (D:5)
  A small abomination (Abyss:1)
  8 killer bees
  3 electric eels (D:11)
  2 howler monkeys
  5 hounds
  5 jellies
  2 orc priests
  6 iguanas
  6 orc wizards
  Natasha (thrice) (D:2)
  22 gnolls
  11 adders
  2 river rats
  A shadow imp (D:8)
  3 white imps
  An ufetubus (D:5)
  2 dart slugs (D:2)
  29 orcs
  9 endoplasms
  A giant cockroach (D:4)
  11 hobgoblins
  15 jackals
  33 kobolds
  7 quokkas
  15 ball pythons
  2 bats
  A frilled lizard (Sewer)
  10 goblins
  22 rats
  A starspawn tentacle (Abyss:1)
342 creatures vanquished.

Vanquished Creatures (collateral kills)
  A troll (D:11)
  A wolf (D:11)
2 creatures vanquished.

Vanquished Creatures (others)
  A plant (D:11)
1 creature vanquished.

Grand Total: 345 creatures vanquished

Notes
Turn   | Place    | Note
-------+----------+-------------------------------------------
     0 | D:1      | qw the Gargoyle Fighter began the quest for the Orb.
     0 | D:1      | Reached XP level 1. HP: 14/14 MP: 1/1
     0 | D:1      | 0 ||| qw: Version: 0.2-a-13-gfc7b4b4
     0 | D:1      | 0 ||| qw: Game counter: 1686
     0 | D:1      | 0 ||| qw: Always use a shield: true
     0 | D:1      | 0 ||| qw: God list: Okawaru
     0 | D:1      | 0 ||| qw: Allow faded altars: false
     0 | D:1      | 0 ||| qw: Do Orc after D:15 true
     0 | D:1      | 0 ||| qw: Do second Lair branch before Depths: true
     0 | D:1      | 0 ||| qw: Lair rune preference: random
     0 | D:1      | 0 ||| qw: Plans: Normal, Zot:1-4, God:TSO, Crypt, Tomb,
                  | Pan, Slime:5, Hells, Abyss, Orb
     0 | D:1      | 0 ||| PLANNING D:1-11
    25 | D:1      | Reached skill level 2 in Axes
    91 | D:1      | 91 ||| Stepping ~*~*~tactically~*~*~ (stealth).
    98 | D:1      | Reached XP level 2. HP: 19/19 MP: 2/2
   106 | D:1      | 106 ||| Stepping ~*~*~tactically~*~*~ (stealth).
   139 | D:1      | Found Witot's Book Emporium.
   141 | D:1      | 141 ||| Stepping ~*~*~tactically~*~*~ (stealth).
   500 | D:1      | Found a faded altar of an unknown god.
   503 | D:1      | Reached skill level 3 in Axes
   734 | D:1      | 734 ||| UPGRADING to +0 pair of boots.
   739 | D:1      | 739 ||| UPGRADING to +0 chain mail.
   749 | D:1      | 749 ||| DROPPING +0 scale mail.
   750 | D:1      | 750 ||| UPGRADING to amulet of the acrobat.
   755 | D:1      | 755 ||| UPGRADING to +6 ring of strength.
   756 | D:1      | 756 ||| READING scroll labelled ATZUORI KUNG.
   760 | D:1      | 760 ||| READING scroll labelled CIBBIH CIOC.
   761 | D:1      | 761 ||| DRINKING 2 metallic puce potions.
   761 | D:1      | Gained mutation: Your magical capacity is low. (-10% MP)
                  | [potion of mutation]
   761 | D:1      | Gained mutation: You have sharp toenails. [potion of
                  | mutation]
   786 | D:2      | Reached XP level 3. HP: 23/23 MP: 2/2
   801 | D:2      | 801 ||| FLEEEEING.
   803 | D:2      | 803 ||| STAIRDANCE
   907 | D:2      | 907 ||| DROPPING +0 club.
   911 | D:2      | Found a hazy altar of Hepliaklqana.
   993 | D:2      | 993 ||| Stepping ~*~*~tactically~*~*~ (stealth).
  1011 | D:2      | 1011 ||| Stepping ~*~*~tactically~*~*~ (stealth).
  1012 | D:2      | 1012 ||| Stepping ~*~*~tactically~*~*~ (stealth).
  1156 | D:2      | Noticed Natasha
  1157 | D:2      | 1157 ||| Stepping ~*~*~tactically~*~*~ (hiding).
  1169 | D:2      | HP: 3/23 [Natasha (7)]
  1170 | D:2      | Killed Natasha
  1171 | D:2      | Reached skill level 4 in Axes
  1171 | D:2      | Reached XP level 4. HP: 3/28 MP: 3/3
  1308 | D:2      | Noticed Natasha
  1309 | D:2      | 1309 ||| Stepping ~*~*~tactically~*~*~ (stealth).
  1342 | D:2      | 1342 ||| FLEEEEING.
  1488 | D:2      | Killed Natasha
  1735 | D:2      | Noticed Natasha
  1737 | D:2      | 1737 ||| FLEEEEING.
  1738 | D:2      | 1738 ||| FLEEEEING.
  1739 | D:2      | 1739 ||| FLEEEEING.
  1740 | D:2      | 1740 ||| FLEEEEING.
  1741 | D:2      | 1741 ||| FLEEEEING.
  1742 | D:2      | 1742 ||| FLEEEEING.
  1743 | D:2      | 1743 ||| FLEEEEING.
  1744 | D:2      | 1744 ||| FLEEEEING.
  1745 | D:2      | 1745 ||| FLEEEEING.
  1746 | D:2      | 1746 ||| FLEEEEING.
  1747 | D:2      | 1747 ||| FLEEEEING.
  1748 | D:2      | 1748 ||| FLEEEEING.
  1749 | D:2      | 1749 ||| Stepping ~*~*~tactically~*~*~ (hiding).
  1755 | D:2      | Killed Natasha
  1756 | D:2      | Reached XP level 5. HP: 15/32 MP: 4/4
  1946 | D:2      | 1946 ||| Stepping ~*~*~tactically~*~*~ (hiding).
  1947 | D:2      | 1947 ||| Stepping ~*~*~tactically~*~*~ (hiding).
  1950 | D:2      | 1950 ||| Stepping ~*~*~tactically~*~*~ (hiding).
  1951 | D:2      | 1951 ||| Stepping ~*~*~tactically~*~*~ (hiding).
  2102 | D:2      | 2102 ||| READING scroll labelled YTTEAZX NAER.
  2103 | D:2      | 2103 ||| READING scroll labelled NUTTURI PUICO.
  2104 | D:2      | 2104 ||| READING 2 scrolls labelled BUIVIT UCIOKH.
  2105 | D:2      | 2105 ||| READING scroll labelled WAETIH GILLAJAT.
  2106 | D:2      | 2106 ||| DROPPING scroll of poison.
  2118 | D:3      | Noticed a black bear
  2123 | D:3      | Killed a black bear
  2124 | D:3      | Reached skill level 5 in Axes
  2252 | D:3      | Reached XP level 6. HP: 37/37 MP: 5/5
  2304 | D:3      | Found a sparkling altar of Nemelex Xobeh.
  2314 | D:3      | HP: 7/37 [iguana (7)]
  2586 | D:3      | Found an ornate altar of the Wu Jian Council.
  2669 | D:3      | 2669 ||| Stepping ~*~*~tactically~*~*~ (stealth).
  2690 | D:3      | 2690 ||| Stepping ~*~*~tactically~*~*~ (stealth).
  2741 | D:3      | Found a bloodstained altar of Trog.
  2755 | D:3      | 2755 ||| Stepping ~*~*~tactically~*~*~ (stealth).
  2756 | D:3      | 2756 ||| Stepping ~*~*~tactically~*~*~ (stealth).
  2772 | D:3      | HP: 6/39 [gnoll/+0 spear (6)]
  2780 | D:3      | HP: 4/39 [gnoll/+0 spear (4)]
  3079 | D:3      | 3079 ||| Stepping ~*~*~tactically~*~*~ (stealth).
  3314 | D:3      | 3314 ||| Stepping ~*~*~tactically~*~*~ (hiding).
  3319 | D:3      | 3319 ||| Stepping ~*~*~tactically~*~*~ (hiding).
  3396 | D:3      | Found a burning altar of Makhleb.
  3477 | D:3      | 3477 ||| READING scroll of enchant armour.
  3477 | D:3      | 3477 ||| ENCHANTING +0 pair of boots.
  3727 | D:3      | 3727 ||| UPGRADING to +0 plate armour.
  3737 | D:3      | 3737 ||| DROPPING +0 chain mail.
  3738 | D:3      | 3738 ||| UPGRADING to ring of resist corrosion.
  3739 | D:3      | 3739 ||| READING 2 scrolls labelled DANUECSOTUM.
  3740 | D:3      | 3740 ||| READING scroll of enchant weapon.
  3740 | D:3      | 3740 ||| ENCHANTING +1 war axe.
  3741 | D:3      | 3741 ||| READING scroll labelled UNNOUPPOLOENI.
  3742 | D:3      | 3742 ||| READING scroll labelled TUHIYRCH YHADAA.
  3743 | D:3      | 3743 ||| READING scroll labelled TUALAY OLLOLL.
  3744 | D:3      | 3744 ||| DRINKING 2 clear potions.
  3785 | D:4      | 3785 ||| PLANNING SEWER
  3799 | D:4      | Reached skill level 6 in Axes
  3865 | D:4      | Reached XP level 7. HP: 43/44 MP: 6/6
  3868 | D:4      | Found a glowing drain.
  3870 | D:4      | 3870 ||| FLEEEEING.
  3871 | D:4      | 3871 ||| FLEEEEING.
  3872 | D:4      | 3872 ||| FLEEEEING.
  3873 | D:4      | 3873 ||| FLEEEEING.
  3874 | D:4      | 3874 ||| FLEEEEING.
  3875 | D:4      | 3875 ||| FLEEEEING.
  3876 | D:4      | 3876 ||| FLEEEEING.
  3877 | D:4      | 3877 ||| FLEEEEING.
  3878 | D:4      | 3878 ||| FLEEEEING.
  3879 | D:4      | 3879 ||| FLEEEEING.
  3880 | D:4      | 3880 ||| FLEEEEING.
  3881 | D:4      | 3881 ||| FLEEEEING.
  3882 | D:4      | 3882 ||| FLEEEEING.
  3883 | D:4      | 3883 ||| FLEEEEING.
  3884 | D:4      | 3884 ||| FLEEEEING.
  3885 | D:4      | 3885 ||| FLEEEEING.
  3886 | D:4      | 3886 ||| FLEEEEING.
  3887 | D:4      | 3887 ||| FLEEEEING.
  3888 | D:4      | 3888 ||| FLEEEEING.
  3889 | D:4      | 3889 ||| STAIRDANCE
  3902 | D:4      | Reached skill level 1 in Dodging
  3902 | D:4      | 3902 ||| STAIRDANCE
  3924 | D:4      | 3924 ||| FLEEEEING.
  3925 | D:4      | 3925 ||| FLEEEEING.
  3926 | D:4      | 3926 ||| FLEEEEING.
  3929 | D:4      | 3929 ||| FLEEEEING.
  3930 | D:4      | 3930 ||| FLEEEEING.
  3934 | D:4      | 3934 ||| FLEEEEING.
  3935 | D:4      | 3935 ||| FLEEEEING.
  3938 | D:4      | 3938 ||| FLEEEEING.
  3939 | D:4      | 3939 ||| FLEEEEING.
  3940 | D:4      | 3940 ||| FLEEEEING.
  3941 | D:4      | 3941 ||| STAIRDANCE
  3946 | D:4      | 3946 ||| STAIRDANCE
  3987 | Sewer    | Entered a sewer
  4374 | Sewer    | 4374 ||| Stepping ~*~*~tactically~*~*~ (stealth).
  4375 | Sewer    | 4375 ||| Stepping ~*~*~tactically~*~*~ (stealth).
  4521 | Sewer    | 4521 ||| DRINKING 2 bubbling yellow potions.
  4522 | Sewer    | 4522 ||| DRINKING 2 red potions.
  4523 | Sewer    | 4523 ||| DRINKING 2 brown potions.
  4524 | Sewer    | 4524 ||| DROPPING potion of magic.
  4552 | D:4      | 4552 ||| PLANNING D:1-11
  4590 | D:4      | 4590 ||| DROPPING +0 flail.
  4659 | D:4      | Reached skill level 7 in Axes
  4744 | D:4      | Identified the ring "Ciehyi" {Fly MP+9}
  4793 | D:4      | 4793 ||| Stepping ~*~*~tactically~*~*~ (stealth).
  4797 | D:4      | Reached XP level 8. HP: 49/49 MP: 7/7
  4896 | D:4      | 4896 ||| Stepping ~*~*~tactically~*~*~ (hiding).
  5233 | D:4      | Found a staircase to the Ecumenical Temple.
  5734 | D:4      | 5734 ||| UPGRADING to ring "Ciehyi" {Fly MP+9}.
  5796 | D:4      | 5796 ||| UPGRADING to +6 ring of strength.
  5798 | D:4      | 5798 ||| READING scroll labelled WEFRUY NURAOFA.
  5799 | D:4      | 5799 ||| READING scroll labelled YRISKA PYGGI.
  5800 | D:4      | 5800 ||| DRINKING 2 inky potions.
  5801 | D:4      | 5801 ||| DROPPING potion of degeneration.
  5842 | D:5      | Entered Level 5 of the Dungeon
  5842 | D:5      | Noticed Duvessa
  5842 | D:5      | Noticed Dowan
  5853 | D:5      | Killed Duvessa
  5853 | D:5      | Killed Dowan
  5854 | D:5      | Reached skill level 8 in Axes
  5996 | D:5      | 5996 ||| Stepping ~*~*~tactically~*~*~ (stealth).
  5998 | D:5      | Noticed a shadow
  5998 | D:5      | 5998 ||| Stepping ~*~*~tactically~*~*~ (hiding).
  6044 | D:5      | Reached skill level 6 in Fighting
  6046 | D:5      | Noticed Blork the orc
  6049 | D:5      | 6049 ||| STAIRDANCE
  6055 | D:4      | 6055 ||| UPGRADING to +0 pair of gloves.
  6060 | D:4      | 6060 ||| DRINKING 2 orange potions.
  6061 | D:4      | 6061 ||| DROPPING potion of brilliance.
  6080 | D:5      | 6080 ||| Stepping ~*~*~tactically~*~*~ (hiding).
  6092 | D:5      | Killed Blork the orc
  6179 | D:5      | 6179 ||| Stepping ~*~*~tactically~*~*~ (stealth).
  6252 | D:5      | 6252 ||| Stepping ~*~*~tactically~*~*~ (stealth).
  6253 | D:5      | 6253 ||| Stepping ~*~*~tactically~*~*~ (stealth).
  6264 | D:5      | Reached XP level 9. HP: 55/55 MP: 8/8
  6268 | D:5      | 6268 ||| Stepping ~*~*~tactically~*~*~ (stealth).
  6311 | D:5      | Noticed Eustachio
  6329 | D:5      | Killed Eustachio
  6357 | D:5      | Reached skill level 9 in Axes
  6722 | D:5      | 6722 ||| DRINKING 2 murky coppery potions.
  6739 | D:5      | 6739 ||| READING 2 scrolls of identify.
  6739 | D:5      | 6739 ||| IDENTIFYING metallic inky potion
  6740 | D:5      | 6740 ||| DROPPING potion of flight.
  6765 | D:6      | 6765 ||| Stepping ~*~*~tactically~*~*~ (hiding).
  6953 | D:6      | 6953 ||| Stepping ~*~*~tactically~*~*~ (stealth).
  6958 | D:6      | 6958 ||| Stepping ~*~*~tactically~*~*~ (stealth).
  7106 | D:6      | Found a sacrificial altar of Ru.
  7116 | D:6      | Identified the +10 trident "Zusoent" {vamp, Will- Int+3
                  | Stlth+}
  7148 | D:6      | 7148 ||| DRINKING 3 potions of curing.
  7148 | D:6      | 7148 ||| (to cure confusion)
  7161 | D:6      | 7161 ||| DRINKING 2 potions of curing.
  7161 | D:6      | 7161 ||| (to cure confusion)
  7168 | D:6      | 7168 ||| DRINKING potion of curing.
  7168 | D:6      | 7168 ||| (to cure confusion)
  7173 | D:6      | Reached skill level 6 in Armour
  7628 | D:6      | 7628 ||| Stepping ~*~*~tactically~*~*~ (hiding).
  7823 | D:6      | 7823 ||| READING 3 scrolls of identify.
  7823 | D:6      | 7823 ||| IDENTIFYING purple potion
  7837 | D:7      | 7837 ||| Stepping ~*~*~tactically~*~*~ (stealth).
  7839 | D:7      | 7839 ||| Stepping ~*~*~tactically~*~*~ (hiding).
  7841 | D:7      | 7841 ||| STAIRDANCE
  7949 | D:7      | 7949 ||| STAIRDANCE
  7958 | D:7      | 7958 ||| STAIRDANCE
  8009 | D:7      | Reached skill level 10 in Axes
  8011 | D:7      | 8011 ||| STAIRDANCE
  8015 | D:7      | 8015 ||| STAIRDANCE
  8019 | D:7      | 8019 ||| STAIRDANCE
  8078 | D:7      | Found an opulent altar of Gozag.
  8172 | D:7      | Reached XP level 10. HP: 57/63 MP: 9/9
  8201 | D:7      | 8201 ||| Stepping ~*~*~tactically~*~*~ (hiding).
  8376 | D:7      | 8376 ||| Stepping ~*~*~tactically~*~*~ (hiding).
  8428 | D:7      | Found Irineyr's Gadget Gallery.
  8435 | D:7      | 8435 ||| BUYING wand of digging (6) (252 gold).
  8435 | D:7      | Bought a wand of digging (6) for 252 gold pieces
  8531 | D:7      | 8531 ||| UPGRADING to +0 helmet.
  8536 | D:7      | 8536 ||| READING scroll labelled KOEN PYD BOL.
  8537 | D:7      | 8537 ||| READING 3 scrolls of identify.
  8537 | D:7      | 8537 ||| IDENTIFYING pink potion
  8538 | D:7      | 8538 ||| DROPPING potion of berserk rage.
  8575 | D:8      | 8575 ||| STAIRDANCE
  8580 | D:7      | Reached skill level 1 in Throwing
  8603 | D:8      | 8603 ||| STAIRDANCE
  8808 | D:8      | 8808 ||| STAIRDANCE
  8890 | D:8      | Found a flagged portal.
  8892 | D:8      | 8892 ||| Stepping ~*~*~tactically~*~*~ (hiding).
  9222 | D:8      | 9222 ||| Stepping ~*~*~tactically~*~*~ (stealth).
  9233 | D:8      | 9233 ||| Stepping ~*~*~tactically~*~*~ (hiding).
  9655 | D:8      | Reached skill level 3 in Throwing
  9973 | D:9      | Found a huge runed translucent gate.
  9973 | D:9      | Found a huge runed translucent gate.
  9973 | D:9      | Found a huge runed translucent gate.
  9973 | D:9      | Found a huge runed translucent gate.
 10025 | D:9      | 10025 ||| Stepping ~*~*~tactically~*~*~ (stealth).
 10038 | D:9      | 10038 ||| Stepping ~*~*~tactically~*~*~ (hiding).
 10040 | D:9      | 10040 ||| Stepping ~*~*~tactically~*~*~ (hiding).
 10042 | D:9      | 10042 ||| Stepping ~*~*~tactically~*~*~ (hiding).
 10248 | D:9      | 10248 ||| READING scroll of enchant armour.
 10248 | D:9      | 10248 ||| ENCHANTING +0 pair of gloves.
 10285 | D:9      | 10285 ||| Stepping ~*~*~tactically~*~*~ (stealth).
 10302 | D:9      | 10302 ||| FLEEEEING.
 10303 | D:9      | 10303 ||| FLEEEEING.
 10304 | D:9      | 10304 ||| FLEEEEING.
 10305 | D:9      | 10305 ||| FLEEEEING.
 10306 | D:9      | 10306 ||| FLEEEEING.
 10307 | D:9      | 10307 ||| FLEEEEING.
 10308 | D:9      | 10308 ||| FLEEEEING.
 10309 | D:9      | 10309 ||| FLEEEEING.
 10310 | D:9      | 10310 ||| FLEEEEING.
 10311 | D:9      | 10311 ||| FLEEEEING.
 10312 | D:9      | 10312 ||| FLEEEEING.
 10313 | D:9      | 10313 ||| FLEEEEING.
 10314 | D:9      | 10314 ||| STAIRDANCE
 10363 | D:8      | 10363 ||| DRINKING 2 viscous coppery potions.
 10364 | D:8      | 10364 ||| DROPPING potion of invisibility.
 10370 | D:9      | 10370 ||| STAIRDANCE
 10451 | D:9      | 10451 ||| Stepping ~*~*~tactically~*~*~ (stealth).
 10452 | D:9      | 10452 ||| Stepping ~*~*~tactically~*~*~ (stealth).
 10760 | D:9      | Reached skill level 11 in Axes
 10766 | D:9      | 10766 ||| Stepping ~*~*~tactically~*~*~ (stealth).
 10781 | D:9      | 10781 ||| Stepping ~*~*~tactically~*~*~ (stealth).
 10829 | D:9      | 10829 ||| UPGRADING to amulet of reflection.
 10839 | D:9      | 10839 ||| DROPPING amulet of the acrobat.
 10870 | D:10     | Entered Level 10 of the Dungeon
 10877 | D:10     | Found the +2 ratskin cloak {*Rats rPois rN+ Str-1 Int-1
                  | Dex+1}
 10934 | D:10     | Noticed Harold
 10935 | D:10     | 10935 ||| Stepping ~*~*~tactically~*~*~ (hiding).
 10958 | D:10     | Killed Harold
 11253 | D:10     | Reached XP level 11. HP: 69/69 MP: 9/9
 11289 | D:10     | Noticed a two-headed ogre
 11298 | D:10     | Killed a two-headed ogre
 11299 | D:10     | Reached skill level 9 in Fighting
 11471 | D:10     | 11471 ||| Stepping ~*~*~tactically~*~*~ (hiding).
 11525 | D:10     | Noticed Urug
 11525 | D:10     | Noticed Sonja
 11526 | D:10     | 11526 ||| Stepping ~*~*~tactically~*~*~ (stealth).
 11528 | D:10     | 11528 ||| Stepping ~*~*~tactically~*~*~ (stealth).
 11533 | D:10     | Killed Sonja
 11538 | D:10     | Killed Urug
 11603 | D:10     | 11603 ||| Stepping ~*~*~tactically~*~*~ (stealth).
 11604 | D:10     | Found an ancient bone altar of Kikubaaqudgha.
 11609 | D:10     | 11609 ||| READING 4 scrolls of teleportation.
 11759 | D:10     | 11759 ||| Stepping ~*~*~tactically~*~*~ (stealth).
 11772 | D:10     | 11772 ||| READING 3 scrolls of teleportation.
 11827 | D:10     | 11827 ||| Stepping ~*~*~tactically~*~*~ (stealth).
 11836 | D:10     | 11836 ||| READING 2 scrolls of teleportation.
 11842 | D:10     | Reached skill level 12 in Axes
 11996 | D:10     | 11996 ||| UPGRADING to +2 ratskin cloak {*Rats rPois rN+
                  | Str-1 Int-1 Dex+1}.
 12032 | D:11     | Noticed Maurice
 12044 | D:11     | Paralysed by something for 2 turns
 12055 | D:11     | Killed Maurice
 12056 | D:11     | Reached skill level 9 in Armour
 12073 | D:11     | Found a frozen archway.
 12076 | D:11     | Reached skill level 6 in Shields
 12135 | D:11     | Found Putun's Jewellery Emporium.
 12143 | D:11     | 12143 ||| SHOPLISTING +4 ring of evasion (396 gold, have
                  | 365).
 12143 | D:11     | 12143 ||| SHOPLISTING +6 ring of dexterity (396 gold, have
                  | 365).
 12143 | D:11     | 12143 ||| SHOPLISTING ring "Wunef" {Fly rF+ Str+7} (536
                  | gold, have 365).
 12143 | D:11     | 12143 ||| SHOPLISTING ring of the Meadowlark {rCorr EV+4
                  | Str+5 Int-4} (557 gold, have 365).
 12146 | D:11     | Noticed Snorg
 12163 | D:11     | Killed Snorg
 12436 | D:11     | 12436 ||| Stepping ~*~*~tactically~*~*~ (stealth).
 12439 | D:11     | 12439 ||| Stepping ~*~*~tactically~*~*~ (stealth).
 12560 | D:11     | Found a staircase to the Lair.
 12574 | D:11     | Reached XP level 12. HP: 72/77 MP: 10/10
 12607 | D:11     | Reached skill level 13 in Axes
 12657 | D:11     | Found Coagg's Hydra Hut.
 12658 | D:11     | Noticed a four-headed hydra
 12662 | D:11     | 12662 ||| BUYING +0 war axe of flaming (116 gold).
 12662 | D:11     | Bought a +0 war axe of flaming for 116 gold pieces
 12662 | D:11     | 12662 ||| BUYING +1 war axe of flaming (186 gold).
 12662 | D:11     | Bought a +1 war axe of flaming for 186 gold pieces
 12662 | D:11     | 12662 ||| SHOPLISTING +2 broad axe of flaming (268 gold,
                  | have 110).
 12662 | D:11     | 12662 ||| DROPPING +0 morningstar.
 12663 | D:11     | 12663 ||| DROPPING +0 war axe of flaming.
 12773 | D:11     | Noticed Erolcha
 12773 | Abyss:1  | Cast into level 1 of the Abyss (Erolcha)
 12861 | Abyss:1  | Noticed a thrashing horror
 12881 | Abyss:1  | Killed a thrashing horror
 12883 | Abyss:1  | 12883 ||| Stepping ~*~*~tactically~*~*~ (stealth).
 12886 | Abyss:1  | 12886 ||| Stepping ~*~*~tactically~*~*~ (stealth).
 12888 | Abyss:1  | 12888 ||| Stepping ~*~*~tactically~*~*~ (stealth).
 12921 | Abyss:1  | HP: 12/77 [large abomination (16)]
 12922 | Abyss:1  | 12922 ||| READING scroll of teleportation.
 12923 | Abyss:1  | 12923 ||| DRINKING 2 potions of heal wounds.
 13029 | Abyss:1  | HP: 15/77 [manticore/volley of spikes[a worldbinder] (16)]
 13030 | Abyss:1  | 13030 ||| DRINKING potion of heal wounds.
 13036 | Abyss:1  | HP: 19/77 [manticore[a worldbinder] (4)]
 13089 | Abyss:1  | Noticed a tentacled starspawn
 13096 | Abyss:1  | Slain by a tentacled starspawn

Levels and vault maps discovered:
D:1:      dpeg_arrival_tiny_k, layout_basic,
          shapermc_ecumenical_altar_starsandcircs, serial_shops, shop
D:2:      layout_basic, basic_altar, uniq_natasha
D:3:      layout_loops_corners, nemelex_xobeh_ov_fountains_minmay,
          marbit_many_paths, mainiacjoe_overflow_brackets,
          mainiacjoe_overflow_paths
D:4:      layout_layer_cave, minmay_temple_entry_glassed_door,
          portal_sewer_entry_a, minivault_5, item_on_display_a
D:5:      layout_loops_ring, uniq_duvessa, uniq_eustachio, uniq_blork_the_orc
D:6:      layout_basic, mainiacjoe_overflow_cross_hatched
D:7:      layout_rooms, grunt_gozag_statues, nrook_loot_triangle,
          nicolae_shop_gadgets
D:8:      layout_basic, enter_bailey_6, st_stairs_14
D:9:      lemuel_bear_cage, layout_long_grid
D:10:     layout_roguey, nicolae_overflow_crystal_walls, uniq_harold, uniq_urug,
          uniq_sonja
D:11:     layout_irregular_city, erik_lair_island, portal_ice_cave_rime,
          serial_shops, nicolae_shop_crystal, doesnt_shop_hydraphobe,
          uniq_snorg, uniq_erolcha, uniq_maurice
Abyss:1:  base:
D:9

Skill      XL: |  1  2  3  4  5  6  7  8  9 10 11 12 |
---------------+-------------------------------------+-----
Axes           | 2 3 4 5 6 7 8 10 11 12 13 | 13.0
Fighting       | 4 5 6 7 8 10 | 10.1
Dodging        | 1 2 |  2.4
Armour         | 5 6 8 9 |  9.9
Shields        | 4 5 6 |  6.3
Throwing       | 3 4 |  4.3

Action                   |  1- 3 |  4- 6 |  7- 9 | 10-12 || total
-------------------------+-------+-------+-------+-------++-------
Melee: War axe           |    92 |   139 |   384 |   502 ||  1117
Throw: Javelin           |       |       |       |    34 ||    34
       Boomerang         |       |       |       |     4 ||     4
  Use: Scroll            |     2 |    10 |     4 |     7 ||    23
       Potion            |     1 |     1 |     9 |     3 ||    14
 Stab: Invisible         |       |       |       |     1 ||     1
Armor: Scale mail        |    18 |       |       |       ||    18
       Chain mail        |    32 |    63 |       |       ||    95
       Plate armour      |       |    12 |   255 |   349 ||   616
Dodge: Dodged            |    41 |    65 |   139 |   189 ||   434
Block: Buckler           |    13 |    22 |    59 |   209 ||   303
       Reflection        |       |       |       |     6 ||     6

Table legend:
 A = Non-vault XP
 B = Vault XP
 C = Vault XP percentage of total XP
 D = Non-vault monster count
 E = Vault monster count
 F = Vault count percentage of total count
                 A         B        C        D         E       F
            +---------+---------+-------+---------+---------+-------
      Total |   17319 |    6472 |  27.2 |     273 |      70 |  20.4
            +---------+---------+-------+---------+---------+-------
        D:1 |      30 |       0 |   0.0 |      17 |       0 |   0.0
        D:2 |     125 |      33 |  20.9 |      24 |       1 |   4.0
        D:3 |     304 |     103 |  25.3 |      28 |       1 |   3.4
        D:4 |     802 |      31 |   3.7 |      31 |       4 |  11.4
        D:5 |     593 |     488 |  45.1 |      12 |       4 |  25.0
        D:6 |    1782 |       0 |   0.0 |      27 |       0 |   0.0
        D:7 |     572 |       0 |   0.0 |      17 |       0 |   0.0
        D:8 |    1152 |      61 |   5.0 |      26 |       1 |   3.7
        D:9 |    1673 |       0 |   0.0 |      30 |       0 |   0.0
       D:10 |    4528 |    2451 |  35.1 |      30 |       3 |   9.1
       D:11 |    2586 |    3096 |  54.5 |      21 |      13 |  38.2
    Abyss:1 |    3172 |       0 |   0.0 |      10 |       0 |   0.0
      Sewer |       0 |     209 | 100.0 |       0 |      43 | 100.0
            +---------+---------+-------+---------+---------+-------
